Khor, neutral male human Archeologist --------- |.......| ----- ---- ---- ........| ... .. ..| |......<| -----.---- ..-----..| |.......| |...|.-..| ..|(((|..| ---+-|--- |._.-.|..| .|(((|..| # |[(.|.--------.|..@|..| ##0 |...|....-...|.---%-..| # ----|....|...|..a@.[..| ### |)--.-----..-----.|# ###----+----.-- |..|........|.%%|.-######.>.....)...| |..|--|-....-.%%|.| ### |......(...| ---|...|---.-----.| |..........| |(((| +.......+ |..........| |(((| |.......| |..........| | ---- -----+---------.....{.| |..........| |...............................| ------------ --------------------------------- Khor the Investigator Experience level: 8 Strength: 12 Dexterity: 13 Constitution: 13 Intelligence: 11 Wisdom: 18 Charisma: 9 Health: 0(58) Energy: 40(40) AC: 1 Gold: 0 Moves: 2813 Your Inventory: Weapons O - an uncursed [+0] dwarvish mattock (weapon in hands) Armor i - a blessed +2 studded leather armor [of searching] (being worn) P - an uncursed +0 hard hat [dwarvish iron helm] (being worn) Q - an uncursed +0 hooded cloak [dwarvish] (being worn) R - an uncursed +0 pair of hard shoes [iron] (being worn) Comestibles d - 3 uncursed food rations B - an uncursed tin [of lichen] Scrolls j - a cursed scroll labeled PRATYAVAYAH [of light] o - a cursed scroll labeled LOREN IPSUM [of earth] I - an uncursed scroll labeled MAPIRO MAHAMA DIROMAT [of punishment] K - an uncursed scroll labeled GNIK SISI VLE [of genocide] M - an uncursed scroll labeled PRATYAVAYAH [of light] Wands q - an uncursed wand of slow monster [0:2] Tools b - an uncursed sack k - an uncursed key [skeleton key] l - an uncursed oil lamp (0:243) J - an uncursed brass lantern T - an uncursed towel Gems g - an uncursed touchstone Contents of the sack: 1040 gold pieces Spells known in the end: Name Level Category Fail Memory Your skills at the end: Fighting Skills Weapon Skills pick-axe [Skilled / Expert] sling [Basic / Skilled] whip [Basic / Expert] Spellcasting Skills Final Attributes: You were piously aligned. Hunger level was 566. Your alignment was 24 / 24. Monster difficulty range was 1 - 7. Level difficulty was 6. You were telepathic. You had automatic searching. You were stealthy. You were fast. Your luck was zero. You are dead. Vanquished creatures: a small mimic a wolf a dog a dwarf lord an ape an orc shaman a shrieker 2 gnome lords 2 gnomish wizards a floating eye 6 dwarves a homunculus 2 dwarf zombies a werejackal 2 iguanas 6 killer bees a hobbit a large kobold 3 giant rats 4 cave spiders a yellow mold 32 gnomes 3 geckos 3 jackals a fox a goblin a sewer rat 4 grid bugs 3 lichens 4 newts 92 creatures vanquished. Voluntary challenges: You used a wielded weapon 162 times. You read items or engraved 11 times. You put on armor 11 times. You never genocided any monsters. You never polymorphed an object. You never changed form. You used no wishes. You wrote Elbereth's name 8 times. You never encountered a bones level. You never used any Sokoban shortcuts. Dungeon overview: The Dungeons of Doom: levels 1 to 4 Level 1 a long staircase Level 2 an altar, some fountains Level 3 (unopened iron safe) a general store, a fountain stairs to The Gnomish Mines The Gnomish Mines: levels 4 to 7 Level 4 stairs to The Dungeons of Doom Level 6 <- You were here some shops, a temple, a magic chest, a fountain History has recorded: On T:1 you entered the Dungeons of Doom to retrieve the Amulet of Yendor! On T:342 you reached level 2 of The Dungeons of Doom. On T:423 you advanced to experience level 2. On T:638 you reached level 3 of The Dungeons of Doom. On T:640 you advanced to experience level 3. On T:720 you reached level 4 of The Dungeons of Doom. On T:745 you reached level 1 of The Gnomish Mines. On T:1029 you advanced to experience level 4. On T:1099 you advanced to experience level 5. On T:1445 you reached level 2 of The Gnomish Mines. On T:1482 you advanced to experience level 6. On T:2104 you advanced to experience level 7. On T:2525 you reached level 3 of The Gnomish Mines. On T:2555 you reached level 4 of The Gnomish Mines. On T:2802 you advanced to experience level 8. Latest messages: The wolf bites! You hit the wolf. (2x) The wolf bites! You hit the wolf. The wolf bites! You miss the wolf. You kill the wolf! There are several objects here. d - an uncursed food ration. There are several objects here. Something is written here in the dust. You read: "r || ? ? ||? ? nE ??etr?|be th". The soldier ant misses. The soldier ant stings! You write with your fingers into the dust. The soldier ant misses. The soldier ant stings! The soldier ant's sting was poisoned! The soldier ant bites! You die... Final status: Goodbye Khor the Archeologist... You died in The Gnomish Mines on dungeon level 6 with 4306 points, and 1040 pieces of gold, after 2813 moves. You were level 8 with a maximum of 58 hit points when you died.